 Dungeon Crawl Stone Soup version 0.27.1-1-g398f81649c (webtiles) character file.

Game seed: 8023675321638417386

196 pkoi the Slasher (level 5, -10/29 (45) HPs)
             Began as a Minotaur Fighter on Sept 18, 2021.
             Was an Initiate of Gozag.
             Killed from afar by an orc wizard (11 damage)
             ... with a puff of flame
             ... on level 3 of the Dungeon.
             The game lasted 00:02:41 (2670 turns).

pkoi the Slasher (Minotaur Fighter)                 Turns: 2670, Time: 00:02:42

HP:   -10/29 (45)   AC:  6    Str: 22    XL:     5   Next: 46%
MP:   4/4           EV:  7    Int:  5    God:    Gozag
Gold: 230           SH: 10    Dex:  9    Spells: 4/4 levels left

rFire    . . .     SeeInvis .   i - +1 double sword (flame)
rCold    . . .     Faith    .   c - +1 kite shield
rNeg     . . .     Spirit   .   b - +0 scale mail
rPois    .         Reflect  .   (helmet restricted)
rElec    .         Harm     .   (no cloak)
rCorr    .         Rampage  .   (no gloves)
Will     .....                  (no boots)
Stlth    ..........             o - amulet of magic regeneration
HPRegen  0.09/turn              (no ring)
MPRegen  0.34/turn              (no ring)

@: mighty, very heavily drained
A: horns 2, retaliatory headbutt
a: Renounce Religion, Potion Petition, Call Merchant, Bribe Branch


You were on level 3 of the Dungeon.
You worshipped Gozag.
Gozag was aware of your devotion.
You visited 1 branch of the dungeon, and saw 3 of its levels.
You also visited: Sewer.

You collected 230 gold pieces.

Inventory:

Hand Weapons
 a - a +0 long sword
 i - a +1 double sword of flaming (weapon)
Missiles
 e - 25 poisoned darts (quivered)
Armour
 b - a +0 scale mail (worn)
 c - a +1 kite shield (worn)
 p - a +0 pair of gloves
Jewellery
 o - an amulet of magic regeneration (around neck)
Scrolls
 f - a scroll of teleportation {unknown}
 g - a scroll of blinking {unknown}
 l - a scroll of summoning
 m - a scroll of enchant armour
Potions
 d - 2 potions of might
 h - 2 potions of heal wounds {unknown}
 j - 2 potions of mutation {unknown}
 k - a potion of haste {unknown}
 n - a potion of invisibility {unknown}


   Skills:
 - Level 3.6 Fighting
 + Level 5.6 Long Blades
 + Level 3.2 Throwing
 - Level 3.6 Armour
 - Level 3.6 Shields


You had 4 spell levels left.
You didn't know any spells.
Your spell library was empty.

Dungeon Overview and Level Annotations

Branches:
Dungeon (3/15)              Sewer (visited)

Altars:
Gozag


Innate Abilities, Weirdness & Mutations

You have a pair of horns on your head.
You reflexively headbutt those who attack you in melee.


Message History

You miss something. Your headbutt misses something.
Something hits you but does no damage.
You feel drained. Something hits you but does no damage.
You feel drained.
You bump into the rock wall.
Something hits you.
You feel drained.
You bump into the rock wall.
You feel less confused. Something hits you.
You feel drained.
You miss something.
You hear some strange, mumbled words.
You are confused.
You bump into the rock wall.
Something hits you.
You feel drained.
You bump into the rock wall.
Something hits you.
* * * LOW HITPOINT WARNING * * *
You feel drained.
* * * LOW HITPOINT WARNING * * *
You bump into the rock wall.
Something hits you.
* * * LOW HITPOINT WARNING * * *
You feel drained.
* * * LOW HITPOINT WARNING * * *
You barely miss something. Something hits you.
* * * LOW HITPOINT WARNING * * *
You feel drained.
* * * LOW HITPOINT WARNING * * *
You bump into the rock wall.
You hear some strange, mumbled words.
A magic dart appears from out of thin air!
The magic dart hits you.
* * * LOW HITPOINT WARNING * * *
Unknown command.
You feel very mighty all of a sudden.
You feel less confused. Something hits you.
* * * LOW HITPOINT WARNING * * *
You feel drained.
* * * LOW HITPOINT WARNING * * *
You slash something! You burn something. Your headbutt misses something.
You hear some strange, mumbled words.
A puff of flame appears from out of thin air!
The puff of flame hits you!
You die...
Your body crumbles into a pile of gold.

$ $ ≈ ≈≈..###########
......$${@....#
###.#########.# # #.#
#.# #. #.# #.#
#.######.# ####.#
#.#)....######....####.#
#...##..............<.#
#.#........###.#########
.> #...#.........##


There were no monsters in sight!

Vanquished Creatures
  2 orc priests (D:3)
  An orc wizard (D:3)
  4 adders
  A river rat (Sewer)
  2 worms (D:3)
  A dart slug (D:2)
  4 orcs
  6 endoplasms
  2 giant cockroaches (D:1)
  2 hobgoblins (D:1)
  3 jackals (D:1)
  2 quokkas
  6 ball pythons
  2 bats
  9 frilled lizards
  A goblin (D:1)
  5 kobolds
  17 rats
70 creatures vanquished.

Vanquished Creatures (others)
  A plant (D:2)
1 creature vanquished.

Grand Total: 71 creatures vanquished

Notes
Turn   | Place    | Note
-------+----------+-------------------------------------------
     0 | D:1      | pkoi the Minotaur Fighter began the quest for the Orb.
     0 | D:1      | Reached XP level 1. HP: 19/19 MP: 0/0
   132 | D:1      | Reached skill level 3 in Long Blades
   138 | D:1      | Reached XP level 2. HP: 10/26 MP: 1/1
  1076 | D:1      | Reached skill level 4 in Long Blades
  1173 | D:2      | Reached XP level 3. HP: 31/31 MP: 2/2
  1180 | D:2      | Reached skill level 1 in Throwing
  1580 | D:2      | Found a faded altar of an unknown god.
  1607 | D:2      | Became a worshipper of Gozag Ym Sagoz the Greedy
  1814 | D:3      | Reached XP level 4. HP: 9/39 MP: 3/3
  2049 | D:3      | Reached skill level 5 in Long Blades
  2111 | D:3      | Found a glowing drain.
  2136 | Sewer    | Entered a sewer
  2138 | Sewer    | Identified a scroll of acquirement
  2138 | Sewer    | Acquired a +1 double sword of flaming
  2179 | Sewer    | Reached XP level 5. HP: 30/45 MP: 4/4
  2669 | D:3      | HP: 1/29 [something (1)]
  2670 | D:3      | Killed from afar by an orc wizard

Illustrated notes

Levels and vault maps discovered:
D:1:      nicolae_arrival_somewhat_less_tricky_arrival, layout_basic,
          minmay_strange_pillars
D:2:      layout_rooms, shapermc_ecumenical_altar_acropolis
D:3:      cheibrodos_thug_alley, layout_loops_ring, zin_statuary,
          nicolae_ru_path_of_blood, nicolae_gozag_seed_capital,
          cheibrodos_sewer_entry_drain

Skill      XL: |  1  2  3  4  5 |
---------------+----------------+-----
Long Blades    | 3 4 5 |  5.6
Throwing       | 2 3 |  3.2
Fighting       | |  3.6
Armour         | |  3.6
Shields        | |  3.6

Action                   |  1- 3 |  4- 6 || total
-------------------------+-------+-------++-------
Melee: Long sword        |    84 |    21 ||   105
       Headbutt          |    11 |    14 ||    25
       Double sword      |       |    69 ||    69
  Use: Scroll            |     1 |     4 ||     5
       Potion            |       |     1 ||     1
Armor: Scale mail        |    42 |    33 ||    75
Dodge: Dodged            |    22 |    15 ||    37
Block: Kite shield       |    35 |    34 ||    69
       Rpst.: Long sword |     5 |     1 ||     6
       Double sword      |       |     1 ||     1
